 Dungeon Crawl Stone Soup version 0.28.0 (webtiles) character file.

Game seed: 13405195264991899761

311 MadStranger the Covered (level 6, -2/53 HPs)
             Began as a Minotaur Fighter on Feb 4, 2022.
             Was a Believer of Sif Muna.
             Slain by a gnoll (11 damage)
             ... on level 4 of the Dungeon.
             The game lasted 00:23:50 (2779 turns).

MadStranger the Covered (Minotaur Fighter)          Turns: 2779, Time: 00:23:50

Health: -2/53      AC:  8    Str: 23    XL:     6   Next: 18%
Magic:  5/5        EV: 10    Int:  5    God:    Sif Muna [**....]
Gold:   126        SH:  4    Dex:  9    Spells: 5/5 levels left

rFire   + . .      SeeInvis .   m - +2 whip (elec)
rCold   . . .      Faith    .   c - +0 buckler
rNeg    . . .      Spirit   .   b - +0 scale mail
rPois   .          Reflect  .   (helmet restricted)
rElec   .          Harm     .   (no cloak)
rCorr   .          Rampage  .   (no gloves)
Will    .....                   g - +0 pair of boots
Stlth   ..........              (no amulet)
HPRegen 0.17/turn               D - +4 ring of slaying
MPRegen 0.09/turn               P - ring of protection from fire

@: mighty
A: horns 2, retaliatory headbutt
a: Renounce Religion, Channel Magic


You were on level 4 of the Dungeon.
You worshipped Sif Muna.
Sif Muna was pleased with you.
You visited 1 branch of the dungeon, and saw 4 of its levels.

You collected 126 gold pieces.

Inventory:

Hand Weapons
 a - a +0 war axe
 e - a +0 dagger
 f - a +0 hand axe
 h - a +0 short sword
 m - a +2 whip of electrocution (weapon)
 q - a +2 dagger of venom
 s - a +2 short sword of speed
 t - a +0 mace
 w - a +0 battleaxe
 x - a +0 halberd
 z - a +0 short sword of venom
 C - a +0 club
 K - a +0 short sword
Missiles
 l - 106 stones (quivered)
 n - 80 arrows
 p - 5 poisoned darts
 E - 2 silver javelins
 F - 24 sling bullets
 J - 2 boomerangs
 L - 22 bolts
Armour
 b - a +0 scale mail (worn)
 c - a +0 buckler (worn)
 g - a +0 pair of boots (worn)
 y - a +0 scale mail
 B - a +0 helmet
 G - a +0 barding
 Q - a +0 ring mail
 R - a +0 pair of boots
Jewellery
 A - a ring of magical power
 D - a +4 ring of slaying (left hand)
 P - a ring of protection from fire (right hand)
Scrolls
 j - 2 scrolls of noise {unknown}
 k - a scroll of silence {unknown}
 o - 3 scrolls of identify {unknown}
 H - 2 scrolls of teleportation {unknown}
 I - a scroll of enchant armour {unknown}
Potions
 i - a potion of haste {unknown}
 r - a potion of curing {unknown}
 u - a potion of lignification {unknown}
 v - a potion of magic {unknown}
 M - a potion of berserk rage {unknown}
 N - a potion of heal wounds {unknown}
 O - a potion of attraction {unknown}


   Skills:
 + Level 4.3 Fighting
 + Level 3.5(4.2) Axes
 + Level 3.2(4.0) Maces & Flails
 + Level 5.5 Armour
 + Level 2.0 Dodging
 + Level 0.1 Stealth
 + Level 4.4 Shields


You had 5 spell levels left.
You didn't know any spells.
Your spell library was empty.

Dungeon Overview and Level Annotations

Branches:
Dungeon (4/15)
 Temple: D:4-7

Altars:
Elyvilon
Sif Muna

Shops:
D:3 ((=?*


Innate Abilities, Weirdness & Mutations

You have a pair of horns on your head.
You reflexively headbutt those who attack you in melee.


Message History

Sif Muna accepts your kill. You block the gnoll's attack. x3
The gnoll hits you with a +0 halberd! You block the gnoll's attack.
The gnoll closely misses you.
An endoplasm comes into view.
The endoplasm quivers.
You hit the gnoll. Lightning courses through the gnoll!
You kill the gnoll!
Sif Muna accepts your kill. The gnoll closely misses you.
You block the gnoll's attack.
Found 2 scrolls labelled TUZADGH FOLU.
The gnoll barely misses you. The gnoll hits you with a +0 halberd.
There is an open door, spattered with blood here.
Items here: ))) †.
You block the gnoll's attack. x2
You whack the worm!
The worm is severely wounded.
The gnoll hits you from afar with a +0 halberd.
The gnoll hits you from afar with a +0 halberd!
You hit the worm.
The worm is almost dead.
The gnoll hits you from afar with a +0 halberd.
* * * LOW HITPOINT WARNING * * *
The gnoll closely misses you. The worm bites you!
* * * LOW HITPOINT WARNING * * *
You feel very mighty all of a sudden.
You block the gnoll's attack. x2; The worm bites you but does no damage.
You whack the worm!
You kill the worm!
Sif Muna accepts your kill. The gnoll barely misses you. The gnoll misses you.
You whack the endoplasm!
Lightning courses through the endoplasm!
You kill the endoplasm!
Sif Muna accepts your kill. The gnoll barely misses you. The gnoll misses you.
The gnoll barely misses you.
The gnoll hits you from afar with a +0 halberd!
You die...

#........#
#.)).....#
#........#
#.......?#
#........+ ####
#........# ...#
#)##+########...#
#g##.......#<...#
#..@..###.......#
#######.###.......#
#..<.##.##........#
#.#..##+##†.......#
#.####............#
#....'.......#....#
######.......+......
#.......#......
#.......#......


You could see a gnoll.

Vanquished Creatures
  A necrophage (D:3)
  A jelly (D:3)
  Robin (D:2)
  6 gnolls
  3 adders
  3 worms
  2 dart slugs
  2 orcs
  8 endoplasms
  2 giant cockroaches
  13 goblins
  9 hobgoblins
  10 jackals (D:1)
  6 kobolds
  A quokka (D:1)
  3 ball pythons (D:1)
  5 bats
  2 frilled lizards
  4 rats (D:1)
82 creatures vanquished.

Vanquished Creatures (others)
  6 plants
6 creatures vanquished.

Grand Total: 88 creatures vanquished

Notes
Turn   | Place    | Note
-------+----------+-------------------------------------------
     0 | D:1      | MadStranger the Minotaur Fighter began the quest for the
                  | Orb.
     0 | D:1      | Reached XP level 1. HP: 19/19 MP: 0/0
    36 | D:1      | Reached XP level 2. HP: 16/27 MP: 1/1
    97 | D:1      | Reached skill level 4 in Armour
   225 | D:1      | Reached XP level 3. HP: 14/33 MP: 2/2
   433 | D:1      | Found a faded altar of an unknown god.
   444 | D:1      | Prayed at the altar of an unknown god.
   444 | D:1      | Became a worshipper of Sif Muna the Loreminder
   444 | D:1      | Reached * piety under Sif Muna
   619 | D:2      | Reached skill level 1 in Dodging
   642 | D:2      | Reached skill level 1 in Maces & Flails
   642 | D:2      | Reached XP level 4. HP: 37/40 MP: 3/3
  1088 | D:2      | Noticed Robin
  1122 | D:2      | Reached ** piety under Sif Muna
  1123 | D:2      | Killed Robin
  1900 | D:3      | Reached XP level 5. HP: 46/46 MP: 4/4
  1926 | D:3      | Found Niupoyte's Jewellery Emporium.
  1962 | D:3      | Found Eseubug's Assorted Antiques.
  1982 | D:3      | Noticed a necrophage
  1990 | D:3      | Killed a necrophage
  1991 | D:3      | Reached skill level 5 in Armour
  2082 | D:3      | Found a white marble altar of Elyvilon.
  2103 | D:3      | Found Qobeorij's Magic Scroll Boutique.
  2154 | D:3      | Reached XP level 6. HP: 52/53 MP: 5/5
  2337 | D:3      | Found Zos Acyt's Antique Weapon Shoppe.
  2581 | D:3      | Found Viuset's Antique Weapon Shoppe.
  2779 | D:4      | Slain by a gnoll

Illustrated notes

Levels and vault maps discovered:
D:1:      tarquinn_simple_flora_water_d, layout_rooms, basic_ecumenical_altar,
          chequers_arboretum
D:2:      layout_basic, nicolae_grassy_gnolls, uniq_robin
D:3:      layout_loops_ring, lemuel_tele_altar, serial_shops, shop,
          nicolae_shop_statue_plus, shop, nicolae_shop_trees,
          nicolae_shop_overgrown_old_shop
D:4:      layout_basic, makhleb_heckhound_becter

Skill      XL: |  1  2  3  4  5  6 |
---------------+-------------------+-----
Armour         | 4 5 |  5.5
Shields        | 4 |  4.4
Fighting       | 4 |  4.3
Axes           | 3 |  3.5
Dodging        | 1 2 |  2.0
Maces & Flails | 1 2 3 |  3.2
Stealth        | |  0.1

Action                   |  1- 3 |  4- 6 || total
-------------------------+-------+-------++-------
Melee: War axe           |    64 |       ||    64
       Headbutt          |    12 |    13 ||    25
       Whip              |    28 |    94 ||   122
  Use: Potion            |       |     1 ||     1
Armor: Scale mail        |    51 |    32 ||    83
Dodge: Dodged            |    48 |    47 ||    95
Block: Buckler           |    21 |    24 ||    45
